IL
DURHAM BULLS @ CHARLOTTE KNIGHTS
04/18/2099
 
TOP OF THE 1ST
Durham Bulls batting - Pitching for Charlotte Knights : RHP Kevin Brodnik
Pitching: RHP Kevin Brodnik
Batting: RHB Luis Rubio 0-0: Called Strike
0-1: Foul Ball, location: 2F
0-2: SINGLE (Groundball, 34D, EV 106.9 MPH)
Batting: RHB A.J. Adair 0-0: Grounds into double play, 4-6-3 (Groundball, 4, EV 82.5 MPH)
Batting: LHB Dave Gonzales 0-0: Ball
1-0: Ball
2-0: Foul Ball, location: 7LDF
2-1: Swinging Strike
2-2: Strikes out swinging
Top of the 1st over - 0 runs, 1 hit, 0 errors, 0 left on base; Durham 0 - Charlotte 0
BOTTOM OF THE 1ST
Charlotte Knights batting - Pitching for Durham Bulls : LHP Zach Cooper
Pitching: LHP Zach Cooper
Batting: RHB Danny Avalos 0-0: Called Strike
0-1: Called Strike
0-2: Ball
1-2: Ball
2-2: Foul Ball, location: 2F
2-2: Foul Ball, location: 9LMF
2-2: Foul Ball, location: 9LSF
2-2: Fly out, F7 (Flyball, 78S, EV 81.3 MPH)
Batting: LHB Frank Mumm 0-0: Ball
1-0: Fly out, F3 (Line Drive, 3, EV 72.5 MPH)
Batting: RHB Nate Jennings 0-0: Called Strike
0-1: Foul Ball, location: 2F
0-2: Strikes out swinging
Bottom of the 1st over - 0 runs, 0 hits, 0 errors, 0 left on base; Durham 0 - Charlotte 0
TOP OF THE 2ND
Durham Bulls batting - Pitching for Charlotte Knights : RHP Kevin Brodnik
Batting: LHB Xavier Longoria 0-0: Ball
1-0: SINGLE (Groundball, 6MD, EV 102.5 MPH)
Batting: RHB Edgar Rivas 0-0: Called Strike
0-1: Ball
1-1: Foul Ball, location: 2F
1-2: Ball
2-2: Strikes out swinging
Batting: LHB Adam Jensen 0-0: Called Strike
0-1: Fielders Choice at 2nd, 6-4 (Groundball, 6, EV 89.4 MPH)
Batting: RHB Jeremy Richter 0-0: Foul Ball, location: 2F
0-1: SINGLE (Line Drive, 3D, EV 101.9 MPH)
Adam Jensen to second
Batting: RHB Zach Grimaldi 0-0: Foul Ball, location: 7LSF
0-1: Foul Ball, location: 2F
0-2: Ball
1-2: SINGLE (Line Drive, 9LS, EV 85.6 MPH)
Adam Jensen to third
Jeremy Richter to second
Runner from 3rd tries for Home, SAFE, throw by RF to home
Batting: RHB Edgar Guerrero 0-0: Called Strike
0-1: Ball
1-1: Ball
2-1: Ball
3-1: Swinging Strike
3-2: SINGLE (Line Drive, 9S, EV 85.0 MPH)
Jeremy Richter to third
Zach Grimaldi to second
Jeremy Richter scores
Zach Grimaldi to third
Batting: RHB Luis Rubio 0-0: Swinging Strike
0-1: Called Strike
0-2: Ball
1-2: Strikes out swinging
Top of the 2nd over - 2 runs, 4 hits, 0 errors, 2 left on base; Durham 2 - Charlotte 0
BOTTOM OF THE 2ND
Charlotte Knights batting - Pitching for Durham Bulls : LHP Zach Cooper
Batting: RHB Travis De Angelis 0-0: Called Strike
0-1: Ground out 3-1 (Groundball, 34S, EV 108.8 MPH)
Batting: LHB Marcos Elizondo 0-0: Fly out, F9 (Flyball, 9, EV 83.1 MPH)
Batting: SHB Ben Reiners 0-0: Ball
1-0: Swinging Strike
1-1: Ball
2-1: Ball
3-1: Called Strike
3-2: SINGLE (Groundball, 6MD, EV 101.9 MPH)
Batting: RHB Alberto Hernandez 0-0: Ball
1-0: Ball
2-0: Fly out, F8 (Flyball, 8LD, EV 94.4 MPH)
Bottom of the 2nd over - 0 runs, 1 hit, 0 errors, 1 left on base; Durham 2 - Charlotte 0
TOP OF THE 3RD
Durham Bulls batting - Pitching for Charlotte Knights : RHP Kevin Brodnik
Batting: RHB A.J. Adair 0-0: Ball
1-0: Ball
2-0: Called Strike
2-1: Ball
3-1: Base on Balls
Batting: LHB Dave Gonzales 0-0: Ball
1-0: Called Strike
1-1: Ball
2-1: Ball
3-1: Called Strike
3-2: Fielders Choice at 2nd, 2-6 (Groundball, 13S, EV 71.9 MPH)
Batting: LHB Xavier Longoria 0-0: Ball
1-0: Fly out, F3 (Popup, 23F, EV 92.5 MPH)
Batting: RHB Edgar Rivas 0-0: Ball
1-0: SINGLE (Groundball, 6MD, EV 103.8 MPH)
Dave Gonzales to second
Batting: LHB Adam Jensen 0-0: Swinging Strike
0-1: Swinging Strike
0-2: Strikes out looking
Top of the 3rd over - 0 runs, 1 hit, 0 errors, 2 left on base; Durham 2 - Charlotte 0
BOTTOM OF THE 3RD
Charlotte Knights batting - Pitching for Durham Bulls : LHP Zach Cooper
Batting: SHB James Burgin 0-0: Ball
1-0: Ball
2-0: Called Strike
2-1: SOLO HOME RUN (Flyball, 7LD, EV 95.0 MPH), Distance : 336 ft
Batting: RHB Mark Clardy 0-0: Ground out 6-3 (Groundball, 6, EV 83.1 MPH)
Batting: RHB Danny Avalos 0-0: Ball
1-0: Swinging Strike
1-1: Ball
2-1: Swinging Strike
2-2: Ground out 6-3 (Groundball, 6, EV 83.8 MPH)
Batting: LHB Frank Mumm 0-0: Ball
1-0: Ball
2-0: Ball
3-0: Base on Balls
Batting: RHB Nate Jennings 0-0: Foul Ball, location: 3SF
0-1: Called Strike
0-2: Ball
1-2: Strikes out looking
Bottom of the 3rd over - 1 run, 1 hit, 0 errors, 1 left on base; Durham 2 - Charlotte 1
TOP OF THE 4TH
Durham Bulls batting - Pitching for Charlotte Knights : RHP Kevin Brodnik
Batting: RHB Jeremy Richter 0-0: Called Strike
0-1: Fly out, F6 (Line Drive, 6MD, EV 76.3 MPH)
Batting: RHB Zach Grimaldi 0-0: Called Strike
0-1: Called Strike
0-2: Strikes out swinging
Batting: RHB Edgar Guerrero 0-0: Ball
1-0: Ball
2-0: Called Strike
2-1: Swinging Strike
2-2: Strikes out swinging
Top of the 4th over - 0 runs, 0 hits, 0 errors, 0 left on base; Durham 2 - Charlotte 1
BOTTOM OF THE 4TH
Charlotte Knights batting - Pitching for Durham Bulls : LHP Zach Cooper
Batting: RHB Travis De Angelis 0-0: Ball
1-0: SOLO HOME RUN (Flyball, 7D, EV 103.1 MPH), Distance : 379 ft
Batting: LHB Marcos Elizondo 0-0: Called Strike
0-1: Ground out 3-1 (Groundball, 34S, EV 105.6 MPH)
Batting: SHB Ben Reiners 0-0: Called Strike
0-1: Ball
1-1: SINGLE (Flyball, 6MD, EV 93.8 MPH)
Batting: RHB Alberto Hernandez 0-0: Ball
1-0: Ball
2-0: Fielders Choice at 2nd, 3-6 (Groundball, 3, EV 89.4 MPH)
Batting: SHB James Burgin 0-0: Called Strike
0-1: Foul Ball, location: 2F
0-2: Ball
1-2: Ball
2-2: Ball
3-2: Fly out, F1 (Popup, 13, EV 85.6 MPH)
Bottom of the 4th over - 1 run, 2 hits, 0 errors, 1 left on base; Durham 2 - Charlotte 2
TOP OF THE 5TH
Durham Bulls batting - Pitching for Charlotte Knights : RHP Kevin Brodnik
Batting: RHB Luis Rubio 0-0: Called Strike
0-1: Foul Ball, location: 2F
0-2: Foul Ball, location: 25F
0-2: Foul Ball, location: 2F
0-2: Ball
1-2: Ball
2-2: DOUBLE (Groundball, 3L, EV 101.3 MPH)
Batting: RHB A.J. Adair 0-0: Foul Ball, location: 25FF
0-1: Swinging Strike
0-2: Ball
1-2: SINGLE (Line Drive, 78S, EV 104.4 MPH)
Luis Rubio to third
Batting: LHB Dave Gonzales 0-0: Ball
1-0: Ball
2-0: Ball
3-0: Base on Balls
A.J. Adair to second
Batting: LHB Xavier Longoria 0-0: Ball
1-0: Called Strike
1-1: Foul Ball, location: 2F
1-2: Strikes out swinging
Batting: RHB Edgar Rivas 0-0: Ball
1-0: Called Strike
1-1: SINGLE (Line Drive, 9S, EV 91.9 MPH)
Luis Rubio scores
A.J. Adair to third
Dave Gonzales to second
Batting: LHB Adam Jensen 0-0: Called Strike
0-1: Ball
1-1: Grounds into fielders choice 5-2 (Groundball, 56S, EV 80.0 MPH)
Dave Gonzales to third
Edgar Rivas to second
Pitching: RHP Kirk Daly
Batting: RHB Jeremy Richter 0-0: Called Strike
0-1: Ball
1-1: Foul Ball, location: 5FF
1-2: Strikes out swinging
Top of the 5th over - 1 run, 3 hits, 0 errors, 3 left on base; Durham 3 - Charlotte 2
BOTTOM OF THE 5TH
Charlotte Knights batting - Pitching for Durham Bulls : LHP Zach Cooper
Batting: RHB Mark Clardy 0-0: Swinging Strike
0-1: Foul Ball, location: 5DF
0-2: Ball
1-2: Ball
2-2: Ball
3-2: Strikes out swinging
Batting: RHB Danny Avalos 0-0: Called Strike
0-1: Called Strike
0-2: Foul Ball, location: 5SF
0-2: Ball
1-2: Foul Ball, location: 2F
1-2: TRIPLE (Flyball, 78XD, EV 95.0 MPH)
Batting: LHB Frank Mumm 0-0: Foul Ball, location: 7LDF
0-1: Called Strike
0-2: DOUBLE (Line Drive, 7LD, EV 110.0 MPH)
Danny Avalos scores
Batting: RHB Nate Jennings 0-0: Ball
1-0: Ball
2-0: Ground out 5-3 (Groundball, 56S, EV 80.6 MPH)
Frank Mumm to third
Batting: RHB Travis De Angelis 0-0: Called Strike
0-1: Ball
1-1: Ball
2-1: Foul Ball, location: 9LSF
2-2: Fly out, F3 (Popup, 3, EV 70.0 MPH)
Bottom of the 5th over - 1 run, 2 hits, 0 errors, 1 left on base; Durham 3 - Charlotte 3
TOP OF THE 6TH
Durham Bulls batting - Pitching for Charlotte Knights : RHP Kirk Daly
Batting: RHB Zach Grimaldi 0-0: Foul Ball, location: 9LDF
0-1: Fly out, F9 (Flyball, 9LM, EV 86.3 MPH)
Batting: RHB Edgar Guerrero 0-0: Fly out, F6 (Popup, 56D, EV 55.0 MPH)
Batting: RHB Luis Rubio 0-0: Fly out, F8 (Line Drive, 8LM, EV 96.3 MPH)
Top of the 6th over - 0 runs, 0 hits, 0 errors, 0 left on base; Durham 3 - Charlotte 3
BOTTOM OF THE 6TH
Charlotte Knights batting - Pitching for Durham Bulls : LHP Zach Cooper
Batting: LHB Marcos Elizondo 0-0: Called Strike
0-1: Called Strike
0-2: Foul Ball, location: 7LSF
0-2: SINGLE (Line Drive, 3D, EV 101.3 MPH)
Batting: SHB Ben Reiners 0-0: Ball
1-0: SINGLE (Flyball, 8RS, EV 84.4 MPH)
Marcos Elizondo to second
Batting: RHB Alberto Hernandez 0-0: Called Strike
0-1: Ball
1-1: Ball
2-1: Called Strike
2-2: Strikes out looking
Batting: SHB James Burgin 0-0: Swinging Strike
0-1: Ball
1-1: Fly out, F9 (Flyball, 9, EV 93.1 MPH)
Batting: RHB Mark Clardy 0-0: Ball
1-0: SINGLE (Groundball, 34D, EV 109.4 MPH)
Marcos Elizondo to third
Ben Reiners to second
Runner from 3rd tries for Home, SAFE, throw by RF to home
Batting: RHB Danny Avalos 0-0: Called Strike
0-1: Ball
1-1: Ground out 6-3 (Groundball, P, EV 80.6 MPH)
Bottom of the 6th over - 1 run, 3 hits, 0 errors, 2 left on base; Durham 3 - Charlotte 4
TOP OF THE 7TH
Durham Bulls batting - Pitching for Charlotte Knights : RHP Kirk Daly
Pitching: RHP Steve Black
Batting: RHB A.J. Adair 0-0: Ball
1-0: Ball
2-0: Swinging Strike
2-1: Swinging Strike
2-2: Strikes out swinging
Batting: LHB Dave Gonzales 0-0: Called Strike
0-1: DOUBLE (Line Drive, 78M, EV 90.6 MPH)
Batting: LHB Xavier Longoria 0-0: Called Strike
0-1: Ball
1-1: Ball
2-1: Ball
3-1: Foul Ball, location: 25F
3-2: Base on Balls
Batting: RHB Edgar Rivas 0-0: Foul Ball, location: 2F
0-1: Ball
1-1: Ball
2-1: Called Strike
2-2: Strikes out swinging
Batting: LHB Adam Jensen 0-0: Ball
1-0: Called Strike
1-1: Ball
2-1: Foul Ball, location: 5FF
2-2: Foul Ball, location: 5SF
2-2: Strikes out swinging
Top of the 7th over - 0 runs, 1 hit, 0 errors, 2 left on base; Durham 3 - Charlotte 4
BOTTOM OF THE 7TH
Charlotte Knights batting - Pitching for Durham Bulls : LHP Zach Cooper
Batting: LHB Frank Mumm 0-0: Called Strike
0-1: Ball
1-1: Ground out 4-3 (Groundball, 4, EV 90.6 MPH)
Batting: RHB Nate Jennings 0-0: Ground out 4-3 (Groundball, 4, EV 86.9 MPH)
Batting: RHB Travis De Angelis 0-0: Ball
1-0: Ball
2-0: SINGLE (Line Drive, 6MD, EV 100.6 MPH)
Batting: LHB Marcos Elizondo 0-0: Ball
1-0: Ball
2-0: Foul Ball, location: 7LSFF
2-1: SINGLE (Line Drive, 34D, EV 98.8 MPH)
Travis De Angelis to second
Runner from 2nd tries for 3rd, SAFE, throw by RF made to third
Pitching: RHP Matt Eyrich
Batting: SHB Ben Reiners 0-0: Swinging Strike
0-1: Ball
1-1: Called Strike
1-2: Foul Ball, location: 7LSFF
1-2: Ball
Wild Pitch!
Travis De Angelis scores
Marcos Elizondo to second
2-2: SINGLE (Groundball, 34D, EV 105.0 MPH)
Marcos Elizondo to third
Runner from 3rd tries for Home, SAFE, throw by RF to home
Ben Reiners to second
Batting: RHB Alberto Hernandez 0-0: Ball
1-0: Ball
2-0: Ball
3-0: Called Strike
3-1: Base on Balls
Batting: SHB James Burgin 0-0: Ball
1-0: Foul Ball, location: 2RF
1-1: Fly out, F7 (Flyball, 78M, EV 91.3 MPH)
Bottom of the 7th over - 2 runs, 3 hits, 0 errors, 2 left on base; Durham 3 - Charlotte 6
TOP OF THE 8TH
Durham Bulls batting - Pitching for Charlotte Knights : RHP Steve Black
Batting: RHB Jeremy Richter 0-0: Foul Ball, location: 2F
0-1: Ball
1-1: Swinging Strike
1-2: Strikes out swinging
Batting: RHB Zach Grimaldi 0-0: Called Strike
0-1: Ball
1-1: Called Strike
1-2: Ground out 4-3 (Groundball, 34, EV 101.3 MPH)
Batting: RHB Edgar Guerrero 0-0: Called Strike
0-1: Swinging Strike
0-2: Ball
1-2: Foul Ball, location: 2F
1-2: Foul Ball, location: 2F
1-2: Strikes out swinging
Top of the 8th over - 0 runs, 0 hits, 0 errors, 0 left on base; Durham 3 - Charlotte 6
BOTTOM OF THE 8TH
Charlotte Knights batting - Pitching for Durham Bulls : RHP Matt Eyrich
Batting: RHB Mark Clardy 0-0: Called Strike
0-1: Fly out, F9 (Line Drive, 9, EV 86.3 MPH)
Batting: RHB Danny Avalos 0-0: Ball
1-0: Ball
2-0: Fly out, F7 (Flyball, 7LM, EV 83.8 MPH)
Batting: LHB Frank Mumm 0-0: Ball
1-0: Ball
2-0: Ball
3-0: Base on Balls
Batting: RHB Nate Jennings 0-0: Ball
Frank Mumm steals 2nd base
1-0: Swinging Strike
1-1: Called Strike
1-2: Strikes out swinging
Bottom of the 8th over - 0 runs, 0 hits, 0 errors, 1 left on base; Durham 3 - Charlotte 6
TOP OF THE 9TH
Durham Bulls batting - Pitching for Charlotte Knights : RHP Steve Black
Batting: RHB Luis Rubio 0-0: Ball
1-0: Foul Ball, location: 9LMF
1-1: Swinging Strike
1-2: Ball
2-2: Strikes out swinging, 2-3 out at first.
Batting: RHB A.J. Adair 0-0: Foul Ball, location: 7LDF
0-1: Ball
1-1: Ball
2-1: Ball
3-1: Called Strike
3-2: Base on Balls
Pitching: LHP Carlos Castro
Batting: LHB Dave Gonzales 0-0: Foul Ball, location: 2F
0-1: Ball
1-1: Foul Ball, location: 23F
1-2: Ball
2-2: Grounds into double play, 6-4-3 (Groundball, 6, EV 100.0 MPH)
Top of the 9th over - 0 runs, 0 hits, 0 errors, 0 left on base; Durham 3 - Charlotte 6
Friday, May 3rd , 2024 - OOTP Baseball 24.11 Build 85